| TOP OF THE 1ST |
|
Staten Island Yankees batting - Pitching for Tri-City ValleyCats : RHP Ryan Hoagland
|
|
Pitching: RHP Ryan Hoagland
|
|
|
Batting: RHB Norimoto Miyanishi
|
0-0: Ball 1-0: Fly out, F9 (Line Drive, 89M, EV 98.8 MPH)
|
|
Batting: LHB Dario Segura
|
0-0: Swinging Strike 0-1: Called Strike 0-2: Strikes out looking
|
|
Batting: RHB Pat Pemberton
|
0-0: Ball 1-0: Called Strike 1-1: Swinging Strike 1-2: Strikes out swinging
|
| Top of the 1st over - 0 runs, 0 hits, 0 errors, 0 left on base; Staten Island 0 - Tri-City 0 |
| BOTTOM OF THE 1ST |
|
Tri-City ValleyCats batting - Pitching for Staten Island Yankees : RHP Francisco Rosado
|
|
Pitching: RHP Francisco Rosado
|
|
|
Batting: RHB Ben Sutton
|
0-0: SINGLE (Line Drive, 6D, EV 97.5 MPH)
|
|
Batting: LHB Jackson Trottier
|
0-0: Foul Ball, location: 2F 0-1: Ball 1-1: Called Strike 1-2: Fielders Choice at 2nd, 3-6 (Groundball, 34S, EV 79.4 MPH)
|
|
Batting: LHB Wade Girard
|
0-0: Ball Wild Pitch! Jackson Trottier to second 1-0: Foul Ball, location: 2F 1-1: Reached on error, E1 (Groundball, 15S, EV 73.1 MPH) Jackson Trottier scores
|
|
Batting: RHB Kieron Clark
|
0-0: Ball 1-0: Ball 2-0: Called Strike 2-1: Foul Ball, location: 2F 2-2: SINGLE (Groundball, P, EV 80.0 MPH) (infield hit) Wade Girard to third
|
|
Batting: RHB Omar Amaya
|
0-0: Ball 1-0: Ball 2-0: Called Strike 2-1: Ball 3-1: Foul Ball, location: 2F 3-2: Base on Balls Kieron Clark to second
|
|
Batting: RHB Steve Moore
|
0-0: Ball 1-0: Ball 2-0: Fly out, F8 (Flyball, 78M, EV 93.8 MPH)
|
|
Batting: SHB Sean Hill
|
0-0: Ball 1-0: Swinging Strike 1-1: Ball 2-1: Called Strike 2-2: Foul Ball, location: 2F 2-2: Ball 3-2: Strikes out swinging
|
| Bottom of the 1st over - 1 run, 2 hits, 1 error, 3 left on base; Staten Island 0 - Tri-City 1 |
| TOP OF THE 2ND |
|
Staten Island Yankees batting - Pitching for Tri-City ValleyCats : RHP Ryan Hoagland
|
|
Batting: SHB Tadaaki Kondo
|
0-0: Fly out, F9 (Flyball, 9D, EV 95.0 MPH)
|
|
Batting: LHB Mike Schermerhorn
|
0-0: Ball 1-0: Ball 2-0: Ball 3-0: Called Strike 3-1: Swinging Strike 3-2: Foul Ball, location: 2F 3-2: Strikes out swinging
|
|
Batting: SHB Adam Slade
|
0-0: Ball 1-0: Called Strike 1-1: Called Strike 1-2: Hit by Pitch
|
|
Batting: RHB Edite Leoni
|
0-0: Ball 1-0: Called Strike 1-1: Swinging Strike 1-2: Foul Ball, location: 2F 1-2: Strikes out swinging
|
| Top of the 2nd over - 0 runs, 0 hits, 0 errors, 1 left on base; Staten Island 0 - Tri-City 1 |
| BOTTOM OF THE 2ND |
|
Tri-City ValleyCats batting - Pitching for Staten Island Yankees : RHP Francisco Rosado
|
|
Batting: RHB Ray Souza
|
0-0: Called Strike 0-1: Called Strike 0-2: Ground out 6-3 (Groundball, 6M, EV 105.0 MPH)
|
|
Batting: RHB Patrick Pinault
|
0-0: SINGLE (Flyball, 7LS, EV 88.8 MPH)
|
|
Batting: RHB Ben Sutton
|
0-0: Fielders Choice at 2nd, 5-4 (Groundball, 56, EV 86.9 MPH)
|
|
Batting: LHB Jackson Trottier
|
0-0: Called Strike 0-1: Ball 1-1: Ball 2-1: Swinging Strike 2-2: Foul Ball, location: 2F 2-2: Ground out U3 (Groundball, 3, EV 89.4 MPH)
|
| Bottom of the 2nd over - 0 runs, 1 hit, 0 errors, 1 left on base; Staten Island 0 - Tri-City 1 |
| TOP OF THE 3RD |
|
Staten Island Yankees batting - Pitching for Tri-City ValleyCats : RHP Ryan Hoagland
|
|
Batting: LHB Danny de Leon
|
0-0: Called Strike 0-1: Ball 1-1: Called Strike 1-2: Ball 2-2: Ball 3-2: Strikes out swinging, 2-3 out at first.
|
|
Batting: RHB Jesus Ruiz
|
0-0: Ground out U3 (Groundball, 34, EV 80.0 MPH)
|
|
Batting: RHB Norimoto Miyanishi
|
0-0: Ball 1-0: Swinging Strike 1-1: Ball 2-1: Called Strike 2-2: Ball 3-2: Strikes out swinging
|
| Top of the 3rd over - 0 runs, 0 hits, 0 errors, 0 left on base; Staten Island 0 - Tri-City 1 |
| BOTTOM OF THE 3RD |
|
Tri-City ValleyCats batting - Pitching for Staten Island Yankees : RHP Francisco Rosado
|
|
Batting: LHB Wade Girard
|
0-0: Called Strike 0-1: Foul Ball, location: 2F 0-2: Foul Ball, location: 2F 0-2: Foul Ball, location: 2F 0-2: Ball 1-2: Strikes out swinging
|
|
Batting: RHB Kieron Clark
|
0-0: Ball 1-0: Called Strike 1-1: Ground out 1-3 (Groundball, 25, EV 63.8 MPH)
|
|
Batting: RHB Omar Amaya
|
0-0: Called Strike 0-1: Foul Ball, location: 2F 0-2: Foul Ball, location: 2F 0-2: Ball 1-2: Ball 2-2: Ball 3-2: Strikes out looking
|
| Bottom of the 3rd over - 0 runs, 0 hits, 0 errors, 0 left on base; Staten Island 0 - Tri-City 1 |
| TOP OF THE 4TH |
|
Staten Island Yankees batting - Pitching for Tri-City ValleyCats : RHP Ryan Hoagland
|
|
Batting: LHB Dario Segura
|
0-0: Ball 1-0: SINGLE (Line Drive, 89S, EV 104.4 MPH)
|
|
Batting: RHB Pat Pemberton
|
0-0: Ball 1-0: Called Strike 1-1: Swinging Strike 1-2: Ball 2-2: Fielders Choice at 2nd, 4-6 (Groundball, 13, EV 91.2 MPH)
|
|
Batting: SHB Tadaaki Kondo
|
0-0: Foul Ball, location: 2F 0-1: Ball 1-1: Ball 2-1: Ball 3-1: Swinging Strike 3-2: Foul Ball, location: 2F 3-2: Strikes out looking
|
|
Batting: LHB Mike Schermerhorn
|
0-0: Swinging Strike 0-1: Ball 1-1: Foul Ball, location: 2F 1-2: Ground out 4-3 (Groundball, 34, EV 88.8 MPH)
|
| Top of the 4th over - 0 runs, 1 hit, 0 errors, 1 left on base; Staten Island 0 - Tri-City 1 |
| BOTTOM OF THE 4TH |
|
Tri-City ValleyCats batting - Pitching for Staten Island Yankees : RHP Francisco Rosado
|
|
Batting: RHB Steve Moore
|
0-0: Swinging Strike 0-1: Fly out, F9 (Flyball, 89M, EV 87.5 MPH)
|
|
Batting: SHB Sean Hill
|
0-0: Foul Ball, location: 2F 0-1: Ground out U3 (Groundball, 34S, EV 90.6 MPH)
|
|
Batting: RHB Ray Souza
|
0-0: Swinging Strike 0-1: Ball 1-1: Ball 2-1: DOUBLE (Line Drive, 9LM, EV 110.0 MPH)
|
|
Batting: RHB Patrick Pinault
|
0-0: Ground out 6-3 (Groundball, 6M, EV 103.1 MPH)
|
| Bottom of the 4th over - 0 runs, 1 hit, 0 errors, 1 left on base; Staten Island 0 - Tri-City 1 |
| TOP OF THE 5TH |
|
Staten Island Yankees batting - Pitching for Tri-City ValleyCats : RHP Ryan Hoagland
|
|
Batting: SHB Adam Slade
|
0-0: Foul Ball, location: 2F 0-1: Foul Ball, location: 2F 0-2: Ball 1-2: Ball 2-2: Foul Ball, location: 2F 2-2: DOUBLE (Flyball, 89D, EV 106.2 MPH)
|
|
Batting: RHB Edite Leoni
|
0-0: Ball 1-0: DOUBLE (Flyball, 89XD, EV 96.9 MPH) Adam Slade scores
|
|
Batting: LHB Danny de Leon
|
0-0: Called Strike 0-1: Foul Ball, location: 2F 0-2: Foul Ball, location: 2F 0-2: Strikes out looking
|
|
Batting: RHB Jesus Ruiz
|
0-0: Ball 1-0: Called Strike 1-1: SINGLE (Groundball, 6M, EV 108.8 MPH) Edite Leoni to third Runner from 3rd tries for Home, throw by CF and OUT! 8-2 Jesus Ruiz to second
|
|
Batting: RHB Norimoto Miyanishi
|
0-0: 2-RUN HOME RUN (Flyball, 7LD, EV 92.5 MPH), Distance : 343 ft
|
|
Batting: LHB Dario Segura
|
0-0: Foul Ball, location: 2F 0-1: Ball 1-1: Foul Ball, location: 2F 1-2: Ball 2-2: Strikes out swinging
|
| Top of the 5th over - 3 runs, 4 hits, 0 errors, 0 left on base; Staten Island 3 - Tri-City 1 |
| BOTTOM OF THE 5TH |
|
Tri-City ValleyCats batting - Pitching for Staten Island Yankees : RHP Francisco Rosado
|
|
Batting: RHB Ben Sutton
|
0-0: Ball 1-0: Ball 2-0: Ground out 5-3 (Groundball, 56, EV 95.6 MPH)
|
|
Batting: LHB Jackson Trottier
|
0-0: Fly out, F7 (Line Drive, 78D, EV 89.4 MPH)
|
|
Batting: LHB Wade Girard
|
0-0: SOLO HOME RUN (Flyball, 89XD, EV 108.1 MPH), Distance : 399 ft
|
|
Batting: RHB Kieron Clark
|
0-0: Foul Ball, location: 2F 0-1: Ground out U3 (Groundball, 34, EV 82.5 MPH)
|
| Bottom of the 5th over - 1 run, 1 hit, 0 errors, 0 left on base; Staten Island 3 - Tri-City 2 |
| TOP OF THE 6TH |
|
Staten Island Yankees batting - Pitching for Tri-City ValleyCats : RHP Ryan Hoagland
|
|
Batting: RHB Pat Pemberton
|
0-0: Called Strike 0-1: Ball 1-1: Ball 2-1: Ball 3-1: Foul Ball, location: 2F 3-2: Foul Ball, location: 2F 3-2: Fly out, F6 (Popup, 15, EV 85.0 MPH)
|
|
Batting: SHB Tadaaki Kondo
|
0-0: Ball 1-0: Ground out 4-3 (Groundball, 4, EV 106.2 MPH)
|
|
Batting: LHB Mike Schermerhorn
|
0-0: Ball 1-0: Foul Ball, location: 2F 1-1: Foul Ball, location: 2F 1-2: Ball 2-2: SOLO HOME RUN (Flyball, 9D, EV 92.5 MPH), Distance : 367 ft
|
|
Batting: SHB Adam Slade
|
0-0: Ball 1-0: Swinging Strike 1-1: Ball 2-1: Called Strike 2-2: Foul Ball, location: 2F 2-2: Ball 3-2: Fly out, F6 (Line Drive, 6M, EV 68.1 MPH)
|
| Top of the 6th over - 1 run, 1 hit, 0 errors, 0 left on base; Staten Island 4 - Tri-City 2 |
| BOTTOM OF THE 6TH |
|
Tri-City ValleyCats batting - Pitching for Staten Island Yankees : RHP Francisco Rosado
|
|
Batting: RHB Omar Amaya
|
0-0: Ball 1-0: DOUBLE (Groundball, 5L, EV 110.6 MPH)
|
|
Batting: RHB Steve Moore
|
0-0: Ball Omar Amaya steals 3rd base 1-0: Ball 2-0: Called Strike 2-1: Ball 3-1: Base on Balls
|
|
Batting: SHB Sean Hill
|
0-0: Called Strike 0-1: Ball 1-1: Called Strike 1-2: Ball 2-2: Fly out, F2 (Popup, 2L, EV 95.0 MPH)
|
|
Batting: RHB Ray Souza
|
0-0: Ball 1-0: Ball 2-0: Called Strike 2-1: Swinging Strike 2-2: Ball 3-2: Strikes out swinging
|
|
Pitching: RHP Jake Bryant
|
|
|
Pinch Hitting: LHB Tomas de Zeeuw
|
0-0: Fielders Choice at 2nd, U6 (Groundball, 6M, EV 80.0 MPH)
|
| Bottom of the 6th over - 0 runs, 1 hit, 0 errors, 2 left on base; Staten Island 4 - Tri-City 2 |
| TOP OF THE 7TH |
|
Staten Island Yankees batting - Pitching for Tri-City ValleyCats : RHP Ryan Hoagland
|
|
Pitching: RHP Addick Huiberts
|
|
|
Now at SS: Josh Corkery
|
|
|
Batting: RHB Edite Leoni
|
0-0: Called Strike 0-1: Ball 1-1: Ball 2-1: Foul Ball, location: 2F 2-2: Ball 3-2: Foul Ball, location: 2F 3-2: Base on Balls
|
|
Batting: LHB Danny de Leon
|
0-0: Called Strike 0-1: Swinging Strike 0-2: Ball 1-2: Strikes out looking
|
|
Batting: RHB Jesus Ruiz
|
Balk! Edite Leoni to second 0-0: Called Strike 0-1: Ball 1-1: Foul Ball, location: 2F 1-2: Fly out, F8 (Flyball, 78D, EV 103.1 MPH)
|
|
Batting: RHB Norimoto Miyanishi
|
0-0: Foul Ball, location: 2F 0-1: Ball 1-1: Swinging Strike 1-2: Ball 2-2: Ball 3-2: Strikes out swinging
|
| Top of the 7th over - 0 runs, 0 hits, 0 errors, 1 left on base; Staten Island 4 - Tri-City 2 |
| BOTTOM OF THE 7TH |
|
Tri-City ValleyCats batting - Pitching for Staten Island Yankees : RHP Jake Bryant
|
|
Batting: RHB Ben Sutton
|
0-0: Ball 1-0: Ball 2-0: SINGLE (Flyball, 4D, EV 94.4 MPH)
|
|
Batting: LHB Jackson Trottier
|
0-0: Sac Bunt to 15S - play at first, batter OUT! 1-3 Ben Sutton to second
|
|
Batting: LHB Wade Girard
|
0-0: Foul Ball, location: 2F 0-1: 2-RUN HOME RUN (Flyball, 89XD, EV 105.6 MPH), Distance : 415 ft
|
|
Batting: RHB Kieron Clark
|
0-0: Ball 1-0: SINGLE (Line Drive, 34, EV 105.6 MPH)
|
|
Batting: RHB Omar Amaya
|
0-0: Ball Wild Pitch! Kieron Clark to second 1-0: 2-RUN HOME RUN (Flyball, 8RXD, EV 107.5 MPH), Distance : 432 ft
|
|
Pitching: RHP Kenny Samuels
|
|
|
Batting: RHB Steve Moore
|
0-0: Called Strike 0-1: Ball 1-1: Foul Ball, location: 2F 1-2: Foul Ball, location: 2F 1-2: Strikes out swinging
|
|
Batting: SHB Sean Hill
|
0-0: Ball 1-0: Ball 2-0: Called Strike 2-1: Fly out, F5 (Popup, 25F, EV 84.4 MPH)
|
| Bottom of the 7th over - 4 runs, 4 hits, 0 errors, 0 left on base; Staten Island 4 - Tri-City 6 |
| TOP OF THE 8TH |
|
Staten Island Yankees batting - Pitching for Tri-City ValleyCats : RHP Addick Huiberts
|
|
Batting: LHB Dario Segura
|
0-0: Ball 1-0: Ball 2-0: Called Strike 2-1: Swinging Strike 2-2: Strikes out swinging
|
|
Batting: RHB Pat Pemberton
|
0-0: Ball 1-0: Ball 2-0: Ball 3-0: Base on Balls
|
|
Batting: SHB Tadaaki Kondo
|
0-0: Ball Balk! Pat Pemberton to second 1-0: Ground out U3 (Groundball, 3, EV 90.6 MPH) Pat Pemberton to third
|
|
Batting: LHB Mike Schermerhorn
|
0-0: Ball 1-0: Ball 2-0: Ball 3-0: Base on Balls
|
|
Pitching: RHP Max Warburton
|
|
|
Batting: SHB Adam Slade
|
0-0: Ball 1-0: Called Strike 1-1: Ball 2-1: Foul Ball, location: 2F 2-2: Strikes out swinging
|
| Top of the 8th over - 0 runs, 0 hits, 0 errors, 2 left on base; Staten Island 4 - Tri-City 6 |
| BOTTOM OF THE 8TH |
|
Tri-City ValleyCats batting - Pitching for Staten Island Yankees : RHP Kenny Samuels
|
|
Batting: RHB Ray Souza
|
0-0: Ball 1-0: Ball 2-0: Called Strike 2-1: Ball 3-1: Fly out, F8 (Flyball, 8LD, EV 94.4 MPH)
|
|
Batting: LHB Josh Corkery
|
0-0: Ball 1-0: Ball 2-0: Ball 3-0: Base on Balls
|
|
Batting: RHB Ben Sutton
|
0-0: Called Strike 0-1: Called Strike Josh Corkery steals 2nd base (no throw) 0-2: Strikes out swinging
|
|
Batting: LHB Jackson Trottier
|
0-0: Ground out 6-3 (Groundball, 6, EV 93.8 MPH)
|
| Bottom of the 8th over - 0 runs, 0 hits, 0 errors, 1 left on base; Staten Island 4 - Tri-City 6 |
| TOP OF THE 9TH |
|
Staten Island Yankees batting - Pitching for Tri-City ValleyCats : RHP Max Warburton
|
|
Batting: RHB Edite Leoni
|
0-0: Ground out 5-3 (Groundball, 5, EV 83.1 MPH)
|
|
Batting: LHB Danny de Leon
|
0-0: Ball 1-0: Ball 2-0: Ground out 4-3 (Groundball, 34, EV 81.9 MPH)
|
|
Batting: RHB Jesus Ruiz
|
0-0: Swinging Strike 0-1: Ball 1-1: Ball 2-1: Called Strike 2-2: Strikes out swinging
|
| Top of the 9th over - 0 runs, 0 hits, 0 errors, 0 left on base; Staten Island 4 - Tri-City 6 |
|